 Dungeon Crawl Stone Soup version 0.24-a0-613-g1ff6aac338 (webtiles) character file.

Game seed: 11949424569356290565, levelgen mode: deterministic

246 LabCoat the Chopper (level 6, -3/52 HPs)
             Began as a Hill Orc Fighter on Sept 9, 2019.
             Was a Follower of Trog.
             Succumbed to an orc wizard's poison
             ... on level 4 of the Dungeon on Sept 10, 2019.
             The game lasted 00:18:57 (3461 turns).

LabCoat the Chopper (Hill Orc Fighter)              Turns: 3461, Time: 00:18:57

Health: -3/52      AC:  9    Str: 21    XL:     6   Next: 11%
Magic:  6/6        EV:  5    Int:  8    God:    Trog [*.....]
Gold:   124        SH:  9    Dex: 10    Spells: 5/5 levels left

rFire    . . .     SeeInvis .   a - +0 war axe
rCold    . . .     Gourm    .   c - +0 shield
rNeg     . . .     Faith    .   e - +0 chain mail
rPois    .         Spirit   .   (no helmet)
rElec    .         Reflect  .   (no cloak)
rCorr    .         Harm     .   (no gloves)
MR       .....                  (no boots)
Stlth    ..........             (no amulet)
HPRegen  0.17/turn              (no ring)
MPRegen  0.10/turn              (no ring)

@: lethally poisoned (-3 -> -36), slowed, very slow
A: no striking features
a: Berserk, Renounce Religion


You were on level 4 of the Dungeon.
You worshipped Trog.
Trog was aware of your devotion.
You were hungry.

You visited 1 branch of the dungeon, and saw 4 of its levels.

You collected 124 gold pieces.

Inventory:

Hand Weapons
 a - a +0 war axe (weapon)
Armour
 c - a +0 shield (worn)
 e - a +0 chain mail (worn)
Wands
 p - a wand of random effects (22)
Scrolls
 b - a scroll of amnesia {unknown}
 h - a scroll of blinking {unknown}
 i - 7 scrolls of remove curse
 m - 2 scrolls of fear {unknown}
Potions
 d - 2 potions of might
 g - a potion of flight {unknown}
 j - a potion of haste {unknown}
 l - 2 potions of agility {unknown}
 n - 3 potions of resistance
Comestibles
 f - 2 chunks of flesh
 k - 4 rations


   Skills:
 + Level 4.2 Fighting
 * Level 6.4 Axes
 + Level 4.3 Armour
 + Level 4.0 Shields


You had 5 spell levels left.
You didn't know any spells.
Your spell library was empty.

Dungeon Overview and Level Annotations

Branches:
Dungeon (4/15)
 Temple: D:4-7

Altars:
Fedhas
Gozag
Hepliaklqana
Kikubaaqudgha
Nemelex Xobeh
Okawaru
Ru
Trog
Wu Jian
The Shining One


Message History

You feel less confused.
You feel very sick.
You feel very sick.
You feel very sick.
The ogre hits you with a +0 giant spiked club!!
Ouch! That really hurt!
* * * LOW HITPOINT WARNING * * *
The orc wizard hits you but does no damage.
You are more poisoned.
You hit the ogre.
The ogre is lightly wounded.
You hit the orc wizard.
You kill the orc wizard!
Trog accepts your kill.
Trog appreciates your killing of a magic user.
You have reached level 6!
Your experience leads to an increase in your attributes!
Increase (S)trength, (I)ntelligence, or (D)exterity?
You feel stronger.
You die...

..........########........#..
.......#..................#..
.......###.#######.#.#...##..
....... #.# #.#.#....+..
.......###.# #.....≈..#..
#......# #...≈≈≈.....
......#.##### #.≈≈_≈....#'
####. #....)#### #.≈≈≈≈....#.
.# #..#.O@..# #.≈..≈.#..#. ..
#..#.###..##......#..#. #.
##.#.. ..##.......... .
#o##.. ..#.......##. #.. ...
.#..#....... ##. #...
##......... §. #...
###.##.### #. #.....# #######


You could see an ogre.

Vanquished Creatures
  An orc wizard (D:4)
  2 worker ants (D:4)
  6 adders
  6 worms
  3 dart slugs (D:2)
  3 leopard geckos
  2 orcs (D:3)
  15 bats
  6 giant cockroaches
  6 hobgoblins
  6 jackals (D:3)
  8 kobolds
  A quokka (D:2)
  3 ball pythons
  6 frilled lizards
  5 goblins
  A quokka skeleton (D:4)
  14 rats
94 creatures vanquished.

Notes
Turn   | Place    | Note
-------+----------+-------------------------------------------
     0 | D:1      | LabCoat the Hill Orc Fighter began the quest for the Orb.
     0 | D:1      | Reached XP level 1. HP: 19/19 MP: 1/1
   154 | D:1      | Reached XP level 2. HP: 8/27 MP: 2/2
   389 | D:1      | Upgraded the game from 0.24-a0-592-g9a1d66b0e3 to
                  | 0.24-a0-613-g1ff6aac338
   409 | D:1      | Reached skill level 3 in Axes
   908 | D:2      | Reached XP level 3. HP: 33/33 MP: 3/3
   997 | D:2      | Reached skill level 4 in Axes
  1151 | D:2      | Reached XP level 4. HP: 13/40 MP: 4/4
  1307 | D:2      | Found an ornate altar of the Wu Jian Council.
  1308 | D:2      | Found an iron altar of Okawaru.
  1398 | D:2      | Found a sparkling altar of Nemelex Xobeh.
  1404 | D:2      | Found a bloodstained altar of Trog.
  1405 | D:2      | Found a glowing golden altar of the Shining One.
  1407 | D:2      | Found an ancient bone altar of Kikubaaqudgha.
  1408 | D:2      | Found a hazy altar of Hepliaklqana.
  1426 | D:2      | Became a worshipper of Trog the Wrathful
  1431 | D:2      | Found an opulent altar of Gozag.
  1976 | D:2      | Reached skill level 5 in Axes
  2140 | D:3      | Found a sacrificial altar of Ru.
  2195 | D:3      | Reached XP level 5. HP: 21/46 MP: 5/5
  2651 | D:3      | Reached * piety under Trog
  3141 | D:4      | Reached skill level 6 in Axes
  3279 | D:4      | Found a blossoming altar of Fedhas.
  3457 | D:4      | Noticed an ogre
  3460 | D:4      | HP: 1/46 [ogre/+0 giant spiked club (26)]
  3461 | D:4      | Reached XP level 6. HP: 2/52 MP: 6/6
  3461 | D:4      | Succumbed to an orc wizard's poison

Levels and vault maps discovered:
D:1:      dpeg_arrival_pits, layout_basic
D:2:      kb_forest_paths, layout_basic, gammafunk_temple_overflow_pools,
          minitemple
D:3:      layout_loops_cross, nicolae_ru_awakened_eye
D:4:      minmay_evil_eye, layout_basic, fedhas_altar_2, gammafunk_ghost_split,
          minmay_pentomino_pile

Skill      XL: |  1  2  3  4  5 |
---------------+----------------+-----
Axes           | 3 4 5 6 |  6.4
Fighting       | 4 |  4.2
Armour         | 4 |  4.3
Shields        | 4 |  4.0

Action                   |  1- 3 |  4- 6 || total
-------------------------+-------+-------++-------
Melee: War axe           |   148 |   223 ||   371
  Use: Scroll            |     1 |     3 ||     4
       Potion            |       |     3 ||     3
  Eat: Chunk             |     1 |     4 ||     5
       Ration            |       |     1 ||     1
Armor: Scale mail        |    85 |     1 ||    86
       Chain mail        |       |   127 ||   127
Dodge: Dodged            |    60 |    56 ||   116
Block: Shield            |    88 |    98 ||   186

Table legend:
 A = Non-vault XP
 B = Vault XP
 C = Vault XP percentage of total XP
 D = Non-vault monster count
 E = Vault monster count
 F = Vault count percentage of total count
                 A         B        C        D         E       F
            +---------+---------+-------+---------+---------+-------
      Total |     297 |      55 |  15.6 |      87 |       7 |   7.4
            +---------+---------+-------+---------+---------+-------
        D:1 |      28 |       0 |   0.0 |      20 |       0 |   0.0
        D:2 |     103 |      15 |  12.7 |      33 |       6 |  15.4
        D:3 |      84 |       0 |   0.0 |      29 |       0 |   0.0
        D:4 |      82 |      40 |  32.8 |       5 |       1 |  16.7
            +---------+---------+-------+---------+---------+-------
